AoeStats
← the best player in the universe

Black Forest

504700374Analyzed
1v1 RM · 26d ago on Sep 6, 2026· 19m 5s· 2 players
Game mode
Random Map
Map size
Tiny (2 player)
Population
200
Speed
Normal
Resources
Standard
Victory
Conquest
Starting age
Dark Age
Ending age
Imperial Age
RankedLock teamsTeams togetherTeam positionsShared explorationLock speedFull tech treeHidden civsTurbo modeCheats
Victory
Defeat
🇧🇷 Turks · Brazil
1182
+15
1160
-15
the best player in the universe
0:28 Loom
14:07 Feudal Age
16:52 Castle Age
14:56 Double-Bit Axe
16:02 Horse Collar
17:41 Wheelbarrow
17:44 Bow Saw
SergioBR
12:00 Feudal Age
16:08 Castle Age
15:02 Double-Bit Axe
15:01 Horse Collar
15:36 Loom
Connection lost

Rejoining the realm…

Still unreachable

The connection could not be restored.

Session expired

The server has moved on; the page needs a fresh start.